 Dungeon Crawl Stone Soup version 0.17-a0-2093-gc772f4b (webtiles) character file.

95 derrpe the Magician (level 4, -1/33 HPs)
             Began as a Draconian Wizard on Oct 17, 2015.
             Slain by Terence
             ... wielding a +2 flail of protection
              (10 damage)
             ... on level 2 of the Dungeon.
             The game lasted 00:05:45 (3024 turns).

derrpe the Magician (Draconian Wizard)              Turns: 3024, Time: 00:05:46

Health: -1/33      AC:  5    Str:  9    XL:     4   Next: 39%
Magic:  9/9        EV: 12    Int: 25    God:
Gold:   138        SH:  0    Dex:  9    Spells: 4 memorised, 2 levels left

rFire  . . .     SeeInvis .     j - -1 club (curse)
rCold  . . .     Clarity  .     (armour unavailable)
rNeg   . . .     SustAt   .     (no shield)
rPois  .         Gourm    .     a - +0 hat
rElec  .         Spirit   .     (no cloak)
rCorr  .         Warding  .     (no gloves)
rMut   .         Stasis   .     (no boots)
MR     .....                    (no amulet)
Stlth  +.........               (no ring)
                                (no ring)

@: brilliant, very slightly contaminated, not resistant to hostile enchantments,
very unstealthy
A: unfitting armour, cold-blooded, AC +5
a: no special abilities


You were on level 2 of the Dungeon.
You were not hungry.

You visited 1 branch of the dungeon, and saw 2 of its levels.

You collected 138 gold pieces.

Inventory:

Hand Weapons
 j - a cursed -1 club (weapon)
 n - a +0 hunting sling
Missiles
 f - 54 bolts
 h - 9 arrows of flame
 k - 23 stones (quivered)
 m - 5 poisoned needles
Armour
 a - a +0 hat (worn)
Scrolls
 d - a scroll of noise {unknown}
 e - 4 scrolls of identify
 g - 2 scrolls of amnesia
 i - a scroll of enchant armour
 p - a scroll of fog {unknown}
Books
 b - a book of Minor Magic

   Spells                             Type                      Level
   a - Magic Dart                     Conjuration                  1
   b - Blink                          Translocation                2
   c - Call Imp                       Summoning                    2
   d - Repel Missiles                 Charms/Air                   2
   e - Slow                           Hexes                        2
   f - Conjure Flame                  Conjuration/Fire             3
   g - Mephitic Cloud                 Conjuration/Poison/Air       3
Comestibles
 c - 3 bread rations {@e1}
 l - 6 fruits


   Skills:
 - Level 1.7 Dodging
 - Level 1.7 Stealth
 + Level 3.8 Spellcasting
 * Level 3.3 Conjurations
   Level 1.0 Summonings
 - Level 1.0 Translocations
 * Level 0.2 Air Magic
 * Level 0.4 Poison Magic


You had 2 spell levels left.
You knew the following spells:

 Your Spells              Type           Power        Failure   Level  Hunger
a - Magic Dart            Conj           ####         1%          1    None
b - Blink                 Tloc           N/A          1%          2    #......
c - Repel Missiles        Chrm/Air       ###...       1%          2    #......
d - Mephitic Cloud        Conj/Pois/Air  ####....     2%          3    ##.....


Dungeon Overview and Level Annotations

Branches:
Dungeon (2/15)

Altars:
Ashenzari
Dithmenos
Gozag
Xom

Annotations:
D:2 Crazy Yiuf, Terence


Innate Abilities, Weirdness & Mutations

Your plain brown scales are hard (AC +5).
Your body does not fit into most forms of armour.
You are cold-blooded and may be slowed by cold attacks.


Message History

Terence hits you with a flail of protection.
* * * LOW HITPOINT WARNING * * *
Casting: Magic Dart
Confirm with . or Enter, or press ? or * to list all spells.
You don't have enough magic to cast that spell.
You hit Terence but do no damage.
Your tail-slap misses Terence.
Terence is moderately wounded.
Terence closely misses you.
Casting: Magic Dart
Confirm with . or Enter, or press ? or * to list all spells.
Aiming: Magic Dart
Press: ? - help, Shift-Dir - straight line, f/p - Terence
Aim: Terence, wielding a flail of protection and wearing a chain mail (moderately wounded)
The magic dart hits Terence.
Terence is moderately wounded.
Terence barely misses you.
Drink which item? (? for menu, Esc to quit)
It was a potion of magic.
Magic courses through your body.
Terence hits you with a flail of protection!
You die...

...##.############.#
##.......##.
##.##..............#
##...#.###. #.#################
#..##..... #.# #..######. #.#
#..# #. #.# #..# #. #.# #####
#..# #. #.# #...### #### ## #.#
#...@@# #.# #...### #.#
##.#####♣♣ ###
##.##########†##...P♣♣ ♣♣#..)#
.............)#......♣♣♣♣.@.g.#
############.))...@♣..♣..♣#...#
######..P.♣.♣♣♣ ### ###♣♣♣♣♣


You could see Terence.

Vanquished Creatures
  5 adders (D:2)
  A worm (D:2)
  A giant gecko (D:2)
  4 bats
  6 giant cockroaches
  4 goblins
  6 hobgoblins
  4 kobolds
  3 quokkas (D:2)
  2 ball pythons
  5 giant newts
  2 jackals (D:2)
  3 rats
46 creatures vanquished.

Vanquished Creatures (others)
  3 fungi (D:2)
3 creatures vanquished.

Grand Total: 49 creatures vanquished

Notes
Turn   | Place    | Note
--------------------------------------------------------------
     0 | D:1      | derrpe the Draconian Wizard began the quest for the Orb.
     0 | D:1      | Reached XP level 1. HP: 14/14 MP: 4/4
   554 | D:1      | Reached XP level 2. HP: 18/20 MP: 1/6
  1497 | D:2      | Reached XP level 3. HP: 24/26 MP: 1/7
  1946 | D:2      | Found a shadowy altar of Dithmenos.
  2446 | D:2      | Found an opulent altar of Gozag.
  2454 | D:2      | Found a shimmering altar of Xom.
  2455 | D:2      | Found a shattered altar of Ashenzari.
  2619 | D:2      | Reached XP level 4. HP: 33/33 MP: 1/9
  2954 | D:2      | Learned a level 2 spell: Blink
  2966 | D:2      | Learned a level 2 spell: Repel Missiles
  2970 | D:2      | Learned a level 3 spell: Mephitic Cloud
  2990 | D:2      | Noticed Crazy Yiuf
  2990 | D:2      | Noticed Terence
  3024 | D:2      | Slain by Terence

Vault maps used:
D:1:      mainiacjoe_arrival_reflecting_pool
D:2:      nicolae_dithmenos_shadow_blocks, minitemple, first_bread,
          uniq_crazy_yiuf_cottage, uniq_terence

Action                   |  1- 3 |  4- 6 || total
-------------------------+-------+-------++-------
Melee: Unarmed           |    19 |       ||    19
       Club              |    34 |     4 ||    38
       Whip              |     3 |       ||     3
 Cast: Magic Dart        |   117 |    29 ||   146
  Use: Scroll            |     4 |       ||     4
       Potion            |       |     2 ||     2
  Eat: Chunk             |     5 |     1 ||     6
